 Dungeon Crawl Stone Soup version 0.22-a0-143-g83aada6 (webtiles) character file.

10306 jirow the Martial Artist (level 11, -9/81 (83) HPs)
             Began as a Gnoll Transmuter on Feb 2, 2018.
             Was an Elder of Qazlal.
             Killed from afar by Harold (23 damage)
             ... with a wand of acid (9)
             ... on level 10 of the Dungeon on Feb 6, 2018.
             The game lasted 00:47:57 (9479 turns).

jirow the Martial Artist (Gnoll Transmuter)         Turns: 9479, Time: 00:47:57

HP:   -9/81 (83)    AC: 11    Str: 12    XL:     11   Next: 60%
MP:   22/23         EV: 17    Int: 17    God:    Qazlal [****..]
Gold: 524           SH:  5    Dex: 15    Spells: 16/26 levels left

rFire    + + .     SeeInvis .   Q - +5 trident (freeze)
rCold    + + +     Gourm    +   (no shield)
rNeg     . . .     Faith    .   M - +3 leather armour {rC+}
rPois    +         Spirit   .   (no helmet)
rElec    .         Reflect  .   g - scarf {repulsion}
rCorr    .         Harm     .   q - +2 pair of gloves
MR       .....                  C - +0 pair of boots
Stlth    ++........             O - amulet of Xom's Bemusement {Gourm rF++ rC+ Str-3}
HPRegen  0.23/turn              n - ring of protection from cold
MPRegen  0.18/turn              D - ring of poison resistance

@: about to teleport, very slightly contaminated, repel missiles
A: distributed training, fangs 1, strong nose
a: Upheaval, Elemental Force, Renounce Religion


You were on level 10 of the Dungeon.
You worshipped Qazlal.
Qazlal was greatly pleased with you.
You were full.

You visited 1 branch of the dungeon, and saw 10 of its levels.

You collected 524 gold pieces.

Inventory:

Hand Weapons
 m - a +0 shortbow
 t - a +2 dagger of holy wrath
 w - a +3 flail
 E - a +2 hand axe of venom
 Q - a +5 trident of freezing (weapon)
Missiles
 a - 184 arrows
Armour
 g - a scarf of repulsion (worn)
 p - a +1 robe of magic resistance
 q - a +2 pair of gloves (worn)
 C - a +0 pair of boots (worn)
 M - a +3 leather armour of cold resistance (worn)
 P - a +0 plate armour
Jewellery
 n - a ring of protection from cold (left hand)
 A - an uncursed amulet of the gourmand
 D - a ring of poison resistance (right hand)
 O - the amulet of Xom's Bemusement (around neck) {Gourm rF++ rC+ Str-3}
   (You found it on level 8 of the Dungeon)

   [amulet of the gourmand]

   It allows you to eat raw meat even when not hungry.
   It affects your strength (-3).
   It greatly protects you from fire.
   It protects you from cold.
Wands
 b - a wand of iceblast (4)
 F - a wand of enslavement (17)
 K - a wand of acid (10)
Scrolls
 j - 5 scrolls of enchant armour
 k - a scroll of random uselessness
 r - a scroll of teleportation
 B - 4 scrolls of enchant weapon
 G - a scroll of magic mapping {unknown}
 H - 3 scrolls of remove curse
 I - a scroll of fog {unknown}
 J - 5 scrolls of identify {unknown}
 L - 4 scrolls of noise {unknown}
 S - a scroll of immolation {unknown}
Potions
 e - a potion of resistance
 f - 3 potions of haste
 h - a potion of degeneration {unknown}
 i - 4 potions of flight
 l - a potion of magic {unknown}
 o - 4 potions of brilliance {unknown}
 s - 2 potions of ambrosia {unknown}
 u - a potion of lignification {unknown}
 v - 7 potions of curing {unknown}
 z - a potion of mutation {unknown}
 N - a potion of berserk rage {unknown}
 R - a potion of heal wounds
Books
 c - a book of Changes

   Spells                             Type                      Level
   a - Beastly Appendage              Transmutation                1
   b - Sticks to Snakes               Transmutation                2
   c - Spider Form                    Transmutation/Poison         3
   d - Ice Form                       Ice/Transmutation            4
   e - Blade Hands                    Transmutation                5
 y - a book of Misfortune

   Spells                             Type                      Level
   a - Confusing Touch                Hexes                        1
   b - Confuse                        Hexes                        3
   c - Gell's Gravitas                Translocation                3
   d - Petrify                        Transmutation/Earth          4
   e - Metabolic Englaciation         Hexes/Ice                    5
   f - Yara's Violent Unravelling     Hexes/Transmutation          5
Comestibles
 d - 22 rations


   Skills:
 + Level 6.9 Fighting
 + Level 6.3 Short Blades
 + Level 6.3 Long Blades
 + Level 6.3 Axes
 + Level 6.3 Maces & Flails
 + Level 6.3 Polearms
 + Level 6.3 Staves
 + Level 6.3 Slings
 + Level 6.3 Bows
 + Level 6.3 Crossbows
 + Level 6.3 Throwing
 + Level 6.3 Armour
 + Level 7.9 Dodging
 + Level 6.3 Stealth
 + Level 6.3 Shields
 + Level 9.2 Unarmed Combat
 + Level 8.1 Spellcasting
 + Level 5.2 Conjurations
 + Level 5.2 Hexes
 + Level 5.2 Charms
 + Level 5.2 Summonings
 + Level 5.2 Necromancy
 + Level 5.2 Translocations
 + Level 6.5 Transmutations
 + Level 5.2 Fire Magic
 + Level 5.2 Ice Magic
 + Level 5.2 Air Magic
 + Level 5.2 Earth Magic
 + Level 5.2 Poison Magic
 + Level 6.9 Invocations
 + Level 6.3 Evocations


You had 16 spell levels left.
You knew the following spells:

 Your Spells              Type           Power        Failure   Level  Hunger
a - Ice Form              Ice/Tmut       ####....     11%         4    ###....
b - Spider Form           Tmut/Pois      ####......   3%          3    #......
c - Confuse               Hex            ###.....     4%          3    #......


Dungeon Overview and Level Annotations

Branches:
Dungeon (10/15)            Temple (0/1) D:5             Orc (0/2) D:9
   Lair: D:8-11

Altars:
Ashenzari
Cheibriados
Dithmenos
Fedhas
Gozag
Hepliaklqana
Nemelex Xobeh
Qazlal
Sif Muna
Trog
Vehumet
Wu Jian
The Shining One

Annotations:
D:10 Harold, Snorg


Innate Abilities, Weirdness & Mutations

Your experience applies equally to all skills.
You have very sharp teeth.
Your uncanny sense of smell can sniff out nearby items.


Message History

You are too injured to fight recklessly!
The leopard gecko completely misses you.
You see here a ration.
You hit the leopard gecko. You freeze the leopard gecko.
You kill the leopard gecko!
Qazlal accepts your kill.
You start resting.
You hear a shout!
Harold throws a throwing net.
The throwing net is repelled.
Harold throws a throwing net.
The throwing net hits you.
You become entangled in the net!
Things that are here:
a throwing net x2
You tear a large gash into the net.
You struggle against the net.
You rip the net and break free!
Harold zaps a wand.
The bolt of acid is repelled.
It is a wand of acid (9).
As you read the scroll of teleportation, it crumbles to dust.
You feel strangely unstable.
Harold zaps a wand.
The bolt of acid hits you!
You die...

..#
#.#
#.#
#.#
#@#
#.#
#.#
#.#
#@#
#.#
#.)
####


You could see Harold.

Vanquished Creatures
  3 two-headed ogres
  Pikel (D:9)
  An ugly thing (D:9)
  2 trolls
  A hippogriff (D:10)
  A wyvern (D:8)
  4 hogs (D:8)
  A human (D:8)
  Eustachio (D:5)
  2 water moccasins
  A porcupine (D:10)
  5 ice beasts
  4 orc warriors
  4 phantoms
  5 necrophages
  3 sky beasts
  A slave (D:9)
  A black bear (D:10)
  An eye of draining (D:9)
  2 ogres
  3 centaurs
  Blork the orc (D:5)
  9 bullfrogs
  A gnoll sergeant (D:9)
  4 killer bees (D:10)
  2 scorpions
  13 wights
  6 howler monkeys
  3 crimson imps
  A jelly (D:5)
  A quasit (D:9)
  A hound (D:7)
  5 orc wizards
  4 orc priests
  2 bullfrog skeletons (D:6)
  Jessica (D:2)
  11 worker ants
  2 iguanas (D:9)
  A killer bee zombie (D:7)
  A hound zombie (D:9)
  2 worker ant zombies
  22 gnolls
  10 adders
  3 shadow imps (D:5)
  An adder zombie (D:9)
  2 adder skeletons
  2 worms
  2 dart slugs
  11 leopard geckos
  44 orcs
  8 giant cockroaches
  10 goblins
  10 hobgoblins
  9 jackals
  4 quokkas
  2 ball pythons (D:3)
  4 bats
  2 frilled lizards
  8 kobolds
  A quokka zombie (D:7)
  11 rats
  A bush (D:9)
285 creatures vanquished.

Vanquished Creatures (collateral kills)
  A sky beast (D:10)
1 creature vanquished.

Vanquished Creatures (others)
  36 fungi (D:10)
  22 plants
58 creatures vanquished.

Grand Total: 344 creatures vanquished

Notes
Turn   | Place    | Note
-------+----------+-------------------------------------------
     0 | D:1      | jirow the Gnoll Transmuter began the quest for the Orb.
     0 | D:1      | Reached XP level 1. HP: 17/17 MP: 6/6
     6 | D:1      | Upgraded the game from 0.22-a0-135-g6f012ad to 0.22-a0-143-g83aada6
    53 | D:1      | Reached XP level 2. HP: 21/23 MP: 7/7
   387 | D:1      | Reached XP level 3. HP: 26/28 MP: 9/9
   422 | D:1      | Reached skill level 5 in Spellcasting
   943 | D:1      | Learned a level 3 spell: Spider Form
   985 | D:2      | Reached skill level 1 in Invocations
  1051 | D:2      | Noticed an orc warrior
  1060 | D:2      | Killed an orc warrior
  1060 | D:2      | Reached skill level 1 in Short Blades
  1060 | D:2      | Reached skill level 1 in Long Blades
  1060 | D:2      | Reached skill level 1 in Axes
  1060 | D:2      | Reached skill level 1 in Maces & Flails
  1060 | D:2      | Reached skill level 1 in Polearms
  1060 | D:2      | Reached skill level 1 in Staves
  1060 | D:2      | Reached skill level 1 in Slings
  1060 | D:2      | Reached skill level 1 in Bows
  1060 | D:2      | Reached skill level 1 in Crossbows
  1060 | D:2      | Reached skill level 1 in Throwing
  1060 | D:2      | Reached skill level 1 in Armour
  1060 | D:2      | Reached skill level 1 in Stealth
  1060 | D:2      | Reached skill level 1 in Shields
  1060 | D:2      | Reached skill level 1 in Conjurations
  1060 | D:2      | Reached skill level 1 in Hexes
  1060 | D:2      | Reached skill level 1 in Charms
  1060 | D:2      | Reached skill level 1 in Summonings
  1060 | D:2      | Reached skill level 1 in Necromancy
  1060 | D:2      | Reached skill level 1 in Translocations
  1060 | D:2      | Reached skill level 1 in Fire Magic
  1060 | D:2      | Reached skill level 1 in Ice Magic
  1060 | D:2      | Reached skill level 1 in Air Magic
  1060 | D:2      | Reached skill level 1 in Earth Magic
  1060 | D:2      | Reached skill level 1 in Poison Magic
  1060 | D:2      | Reached skill level 1 in Evocations
  1060 | D:2      | Reached XP level 4. HP: 34/34 MP: 8/11
  1060 | D:2      | Reached XP level 5. HP: 40/40 MP: 8/12
  1199 | D:2      | Noticed Jessica
  1207 | D:2      | Killed Jessica
  1499 | D:3      | Reached XP level 6. HP: 47/47 MP: 13/13
  1698 | D:3      | Found a bloodstained altar of Trog.
  1698 | D:3      | Found a sparkling altar of Nemelex Xobeh.
  1699 | D:3      | Found a shattered altar of Ashenzari.
  1721 | D:3      | Reached skill level 5 in Dodging
  2238 | D:3      | Found a stormy altar of Qazlal.
  2241 | D:3      | Found an opulent altar of Gozag.
  2269 | D:3      | Became a worshipper of Qazlal Stormbringer
  2274 | D:3      | Found a snail-covered altar of Cheibriados.
  2274 | D:3      | Found a hazy altar of Hepliaklqana.
  2274 | D:3      | Found a radiant altar of Vehumet.
  2274 | D:3      | Found a deep blue altar of Sif Muna.
  2274 | D:3      | Found an ornate altar of the Wu Jian Council.
  2276 | D:3      | Found a shadowy altar of Dithmenos.
  2277 | D:3      | Found a glowing golden altar of the Shining One.
  2279 | D:3      | Found a blossoming altar of Fedhas.
  2495 | D:4      | Noticed a phantom
  2530 | D:4      | Killed a phantom
  2530 | D:4      | Reached XP level 7. HP: 41/52 MP: 15/15
  2630 | D:4      | Reached skill level 7 in Unarmed Combat
  3145 | D:4      | Learned a level 3 spell: Confuse
  3175 | D:5      | Entered Level 5 of the Dungeon
  3524 | D:4      | HP: 1/53 [phantom (6)]
  3528 | D:4      | Reached XP level 8. HP: 27/60 MP: 16/16
  3840 | D:5      | Reached * piety under Qazlal
  4397 | D:5      | Noticed Blork the orc
  4408 | D:5      | Killed Blork the orc
  4470 | D:5      | Noticed Eustachio
  4487 | D:5      | Killed Eustachio
  4712 | D:5      | Found a staircase to the Ecumenical Temple.
  4819 | D:6      | Reached XP level 9. HP: 66/66 MP: 18/18
  4851 | D:6      | Reached skill level 5 in Transmutations
  4857 | D:6      | Learned a level 4 spell: Ice Form
  5553 | D:7      | Reached skill level 5 in Fighting
  5605 | D:7      | Reached ** piety under Qazlal
  6093 | D:7      | Reached skill level 8 in Unarmed Combat
  6513 | D:8      | Noticed a two-headed ogre
  6526 | D:8      | Killed a two-headed ogre
  6526 | D:8      | Reached skill level 5 in Invocations
  6526 | D:8      | Reached XP level 10. HP: 38/73 MP: 16/20
  6813 | D:8      | Got a clouded platinum amulet
  6880 | D:8      | Reached skill level 5 in Short Blades
  6880 | D:8      | Reached skill level 5 in Long Blades
  6880 | D:8      | Reached skill level 5 in Axes
  6880 | D:8      | Reached skill level 5 in Maces & Flails
  6880 | D:8      | Reached skill level 5 in Polearms
  6880 | D:8      | Reached skill level 5 in Staves
  6880 | D:8      | Reached skill level 5 in Slings
  6880 | D:8      | Reached skill level 5 in Bows
  6880 | D:8      | Reached skill level 5 in Crossbows
  6880 | D:8      | Reached skill level 5 in Throwing
  6880 | D:8      | Reached skill level 5 in Armour
  6880 | D:8      | Reached skill level 5 in Stealth
  6880 | D:8      | Reached skill level 5 in Shields
  6880 | D:8      | Reached skill level 5 in Evocations
  7573 | D:8      | Identified the amulet of Xom's Bemusement {Gourm rF++ rC+ Str-3} (You found it on level 8 of the Dungeon)
  7648 | D:9      | Reached *** piety under Qazlal
  7659 | D:9      | Noticed a cyan ugly thing
  7669 | D:9      | Killed a cyan ugly thing
  7774 | D:10     | Entered Level 10 of the Dungeon
  7793 | D:9      | HP: 4/91 [centaur/arrow (8)]
  8135 | D:9      | Reached XP level 11. HP: 64/82 MP: 19/22
  8280 | D:9      | Noticed a two-headed ogre
  8291 | D:9      | Killed a two-headed ogre
  8398 | D:9      | Noticed a two-headed ogre
  8408 | D:9      | Killed a two-headed ogre
  8408 | D:9      | Reached skill level 9 in Unarmed Combat
  8408 | D:9      | Reached skill level 5 in Conjurations
  8408 | D:9      | Reached skill level 5 in Hexes
  8408 | D:9      | Reached skill level 5 in Charms
  8408 | D:9      | Reached skill level 5 in Summonings
  8408 | D:9      | Reached skill level 5 in Necromancy
  8408 | D:9      | Reached skill level 5 in Translocations
  8408 | D:9      | Reached skill level 5 in Fire Magic
  8408 | D:9      | Reached skill level 5 in Ice Magic
  8408 | D:9      | Reached skill level 5 in Air Magic
  8408 | D:9      | Reached skill level 5 in Earth Magic
  8408 | D:9      | Reached skill level 5 in Poison Magic
  8453 | D:9      | Reached **** piety under Qazlal
  8887 | D:9      | Found a blossoming altar of Fedhas.
  9113 | D:9      | Noticed Pikel
  9121 | D:9      | Killed Pikel
  9296 | D:9      | Found a staircase to the Orcish Mines.
  9348 | D:10     | Noticed Harold
  9450 | D:10     | Noticed Snorg
  9479 | D:10     | Killed from afar by Harold

Vault maps used:
D:1:      lightli_arrival_maybe_door_vault
D:2:      first_ration, uniq_jessica
D:3:      minitemple, gammafunk_temple_overflow_claw
D:4:      minivault_25
D:5:      minmay_temple_entry_poolview, glass_columns_a, uniq_eustachio,
          uniq_blork_the_orc
D:8:      grunt_livestock
D:9:      hiddenorc1_lemuel, fedhas_altar_decomposition, uniq_pikel
D:10:     due_lair_maze_entry_diamond, uniq_snorg, uniq_harold

Skill      XL: |  1  2  3  4  5  6  7  8  9 10 11 |
---------------+----------------------------------+-----
Spellcasting   | 5 6 7 8 |  8.1
Invocations    | 1 2 3 4 5 6 |  6.9
Short Blades   | 1 2 3 4 5 6 |  6.3
Long Blades    | 1 2 3 4 5 6 |  6.3
Axes           | 1 2 3 4 5 6 |  6.3
Maces & Flails | 1 2 3 4 5 6 |  6.3
Polearms       | 1 2 3 4 5 6 |  6.3
Staves         | 1 2 3 4 5 6 |  6.3
Slings         | 1 2 3 4 5 6 |  6.3
Bows           | 1 2 3 4 5 6 |  6.3
Crossbows      | 1 2 3 4 5 6 |  6.3
Throwing       | 1 2 3 4 5 6 |  6.3
Armour         | 1 2 3 4 5 6 |  6.3
Stealth        | 1 2 3 4 5 6 |  6.3
Shields        | 1 2 3 4 5 6 |  6.3
Conjurations   | 1 2 3 4 5 |  5.2
Hexes          | 1 2 3 4 5 |  5.2
Charms         | 1 2 3 4 5 |  5.2
Summonings     | 1 2 3 4 5 |  5.2
Necromancy     | 1 2 3 4 5 |  5.2
Translocations | 1 2 3 4 5 |  5.2
Fire Magic     | 1 2 3 4 5 |  5.2
Ice Magic      | 1 2 3 4 5 |  5.2
Air Magic      | 1 2 3 4 5 |  5.2
Earth Magic    | 1 2 3 4 5 |  5.2
Poison Magic   | 1 2 3 4 5 |  5.2
Evocations     | 1 2 3 4 5 6 |  6.3
Fighting       | 3 4 5 6 |  6.9
Transmutations | 4 5 6 |  6.5
Dodging        | 5 6 7 |  7.9
Unarmed Combat | 7 8 9 |  9.2

Action                   |  1- 3 |  4- 6 |  7- 9 | 10-12 || total
-------------------------+-------+-------+-------+-------++-------
Melee: Unarmed           |    36 |    48 |   119 |   202 ||   405
       Kick              |     3 |       |       |       ||     3
       Spear             |    67 |    26 |       |       ||    93
       Bite              |     7 |    19 |    31 |    16 ||    73
       Dagger            |       |    65 |       |       ||    65
       Punch             |       |     7 |    11 |     4 ||    22
       Hand axe          |       |    59 |   309 |    68 ||   436
       Whip              |       |    16 |       |       ||    16
       Trident           |       |       |       |   105 ||   105
 Cast: Beastly Appendage |     2 |       |       |       ||     2
       Spider Form       |     2 |     7 |     9 |     3 ||    21
       Ice Form          |       |       |     4 |    12 ||    16
Invok: Elemental Force   |       |       |       |     2 ||     2
       Upheaval          |       |       |       |     1 ||     1
Evoke: Wand              |       |       |       |     1 ||     1
  Use: Scroll            |       |     1 |     5 |     7 ||    13
       Potion            |       |       |     5 |     1 ||     6
 Stab: Sleeping          |     4 |     5 |     2 |       ||    11
  Eat: Chunk             |       |     6 |    11 |    18 ||    35
       Ration            |       |       |     1 |       ||     1
Armor: Robe              |     4 |    22 |    16 |       ||    42
       Leather armour    |       |    21 |    66 |    34 ||   121
       Skin              |       |     1 |     8 |    20 ||    29
Dodge: Dodged            |    58 |   165 |   293 |   199 ||   715
       Deflected         |       |       |     3 |     4 ||     7
Block: Other             |       |       |    17 |    52 ||    69

Table legend:
 A = Spawn XP
 B = Non-spawn XP
 C = Spawn XP percentage of total XP
 D = Spawn monster count
 E = Non-spawn monster count
 F = Spawn count percentage of total count
 G = Total turns spent on level
                    A         B        C        D         E        F      G
               +---------+---------+-------+---------+---------+-------+---------
         Total |       0 |   14723 |   0.0 |       0 |     284 |   0.0 |  9479
               +---------+---------+-------+---------+---------+-------+---------
           D:1 |       0 |      49 |   0.0 |       0 |      28 |   0.0 |   978
           D:2 |       0 |     258 |   0.0 |       0 |      18 |   0.0 |   364
           D:3 |       0 |     202 |   0.0 |       0 |      46 |   0.0 |  1102
           D:4 |       0 |     643 |   0.0 |       0 |      16 |   0.0 |  1207
           D:5 |       0 |    1193 |   0.0 |       0 |      28 |   0.0 |  1153
           D:6 |       0 |     754 |   0.0 |       0 |      16 |   0.0 |   737
           D:7 |       0 |     979 |   0.0 |       0 |      18 |   0.0 |   972
           D:8 |       0 |    3478 |   0.0 |       0 |      33 |   0.0 |  1404
           D:9 |       0 |    5865 |   0.0 |       0 |      62 |   0.0 |  1409
          D:10 |       0 |    1302 |   0.0 |       0 |      19 |   0.0 |   153
               +---------+---------+-------+---------+---------+-------+---------
